 Dungeon Crawl Stone Soup version 0.29-a0-330-g52719c12eb (webtiles) character file.

Game seed: 2560290013544216615

1168 Ajdolov the Fighter (level 8, -3/89 HPs)
             Began as an Ogre Fighter on Apr 22, 2022.
             Slain by an iguana (13 damage)
             ... on level 6 of the Dungeon.
             The game lasted 00:06:44 (5780 turns).

Ajdolov the Fighter (Ogre Fighter)                  Turns: 5780, Time: 00:06:44

Health: -3/89      AC:  4    Str: 23    XL:     8   Next: 40%
Magic:  8/8        EV: 10    Int:  9    God:
Gold:   174        SH:  0    Dex: 14    Spells: 7/7 levels left

rFire   . . .      SeeInvis .   E - +0 giant spiked club
rCold   . . .      Faith    .   (shield currently unavailable)
rNeg    . . .      Spirit   .   b - +0 robe
rPois   .          Reflect  .   (helmet restricted)
rElec   .          Harm     .   w - +0 cloak
rCorr   .          Rampage  .   (gloves unavailable)
Will    .....                   (boots unavailable)
Stlth   +.........              i - amulet of regeneration
HPRegen 1.04/turn               k - +6 ring of dexterity
MPRegen 0.11/turn               (no ring)

@: lethally poisoned (-3 -> -18)
A: large, unfitting armour, tough skin 1
a: no special abilities


You were on level 6 of the Dungeon.
You visited 2 branches of the dungeon, and saw 7 of its levels.

You collected 240 gold pieces.
You spent 66 gold pieces at shops.

Inventory:

Hand Weapons
 E - a +0 giant spiked club (weapon)
Armour
 b - a +0 robe (worn)
 w - a +0 cloak (worn)
Jewellery
 i - an amulet of regeneration (around neck)
 k - a +6 ring of dexterity (left hand)
 t - a ring of magical power
 C - a +4 ring of protection
Wands
 p - a wand of acid (4)
 y - a wand of paralysis (14)
 z - a wand of charming (8)
Scrolls
 c - 4 scrolls of identify {unknown}
 g - a scroll of noise {unknown}
 m - a scroll of immolation {unknown}
 n - 2 scrolls of enchant weapon {unknown}
 o - a scroll of vulnerability {unknown}
 r - 2 scrolls of enchant armour {unknown}
 u - 2 scrolls of teleportation {unknown}
 v - a scroll of holy word {unknown}
 x - a scroll of blinking {unknown}
Potions
 d - a potion of might
 e - 2 potions of berserk rage {unknown}
 f - 5 potions of haste {unknown}
 h - a potion of mutation {unknown}
 j - 4 potions of curing
 l - 3 potions of heal wounds {unknown}
 q - 3 potions of ambrosia {unknown}
 s - a potion of brilliance {unknown}
 A - a potion of attraction {unknown}
 B - a potion of resistance {unknown}
 D - a potion of degeneration {unknown}


   Skills:
 + Level 8.3 Fighting
 * Level 7.4 Maces & Flails
 - Level 2.7 Dodging
 - Level 2.7 Shields


You had 7 spell levels left.
You didn't know any spells.
Your spell library contained the following spells:

 Spells                   Type           Power      Damage    Failure   Level
 Sandblast                Erth           0%         2d4       38%         1
 Slow                     Hex            0%         N/A       38%         1
 Corpse Rot               Necr/Air       0%         N/A       52%         2
 Ensorcelled Hibernation  Hex/Ice        0%         N/A       52%         2
 Passwall                 Tmut/Erth      0%         N/A       52%         2
 Confusing Touch          Hex            0%         N/A       77%         3
 Dazzling Flash           Conj/Hex       0%         N/A       77%         3
 Stone Arrow              Conj/Erth      0%         3d7       77%         3
 Swiftness                Air            0%         N/A       77%         3
 Vampiric Draining        Necr           0%         2d6       77%         3
 Dispel Undead            Necr           0%         3d6       99%         4
 Iskenderun's Mystic Bla  Conj/Tloc      0%         2d3       99%         4
 Death Channel            Necr           0%         N/A       100%        6
 Starburst                Conj/Fire      0%         6d3       100%        6


Dungeon Overview and Level Annotations

Branches:
Dungeon (6/15)             Temple (1/1) D:4

Altars:
Ashenzari
Cheibriados
Dithmenos
Elyvilon
Fedhas
Hepliaklqana
Makhleb
Nemelex Xobeh
Okawaru
Sif Muna
Trog
Uskayaw
Vehumet
Wu Jian
Xom
Yredelemnul
Zin
The Shining One

Shops:
D:2 !   D:5 *   D:6 =

Annotations:
D:4 1 runed translucent door, Crazy Yiuf
D:5 1 transporter, anonymous's ghost, novice DEIE


Innate Abilities, Weirdness & Mutations

You are too large for most types of armour.
You have tough skin. (AC +1)


Message History

You miss the water moccasin.
The water moccasin is heavily wounded.
You feel very sick. The water moccasin barely misses you.
The water moccasin bites you.
You closely miss the water moccasin.
The water moccasin is heavily wounded.
You feel very sick. The water moccasin misses you.
The water moccasin bites you!
You closely miss the water moccasin.
The water moccasin is heavily wounded.
You feel very sick. The water moccasin closely misses you.
The water moccasin bites you but does no damage.
Unknown command.
You barely miss the water moccasin.
The water moccasin is heavily wounded.
You feel sick.
The water moccasin closely misses you. x2
Unknown command.
You hit the water moccasin.
The water moccasin is severely wounded.
You feel sick. The water moccasin closely misses you. The iguana misses you.
The water moccasin closely misses you. The iguana bites you!
* * * LOW HITPOINT WARNING * * *
Unknown command.
You closely miss the water moccasin.
The water moccasin is heavily wounded.
You feel sick. The water moccasin bites you.
* * * LOW HITPOINT WARNING * * *
You are more poisoned.
The water moccasin poisons you! The water moccasin barely misses you.
The iguana closely misses you.
Okay, then.
You barely miss the water moccasin.
The water moccasin is heavily wounded.
You feel very sick. The water moccasin bites you.
* * * LOW HITPOINT WARNING * * *
You are lethally poisoned!
The water moccasin poisons you! The iguana bites you!
You die...

#...............
##..............
#...##.......####
#...##..........##
#...###...........
#...# #...........
#...###...........
....##....S.......
###..##....@l......
##............ .
#.....#####...
....#.....# .
...........#
#####......#
..........#.#
#.#########.# #
#... ....#


You could see a water moccasin and an iguana.

Vanquished Creatures
  A vampire (D:6)
  2 sky beasts
  An ogre (D:6)
  A black bear (D:5)
  2 phantoms
  3 scorpions (D:5)
  A howler monkey (D:5)
  5 iguanas
  6 adders
  A white imp (D:4)
  An ufetubus (D:6)
  A worm (D:2)
  2 dart slugs
  4 orcs
  4 ball pythons
  7 bats
  6 endoplasms
  2 giant cockroaches (D:3)
  6 goblins
  7 hobgoblins
  11 jackals
  9 kobolds
  3 quokkas
  4 frilled lizards
  3 rats
93 creatures vanquished.

Notes
Turn   | Place    | Note
-------+----------+-------------------------------------------
     0 | D:1      | Ajdolov the Ogre Fighter began the quest for the Orb.
     0 | D:1      | Reached XP level 1. HP: 24/24 MP: 1/1
   348 | D:1      | Reached XP level 2. HP: 30/32 MP: 2/2
   786 | D:1      | Reached XP level 3. HP: 40/40 MP: 3/3
  1749 | D:2      | Found a faded altar of an unknown god.
  2109 | D:2      | Found Zirymaur's Distillery.
  2129 | D:2      | Bought a potion of curing for 33 gold pieces
  2129 | D:2      | Bought a potion of curing for 33 gold pieces
  2621 | D:2      | Found a hazy altar of Hepliaklqana.
  2751 | D:3      | Reached XP level 4. HP: 49/49 MP: 4/4
  2909 | D:3      | Reached skill level 5 in Fighting
  3246 | D:3      | Noticed a sky beast
  3280 | D:3      | Killed a sky beast
  3281 | D:3      | Reached XP level 5. HP: 59/59 MP: 5/5
  3477 | D:4      | Found a staircase to the Ecumenical Temple.
  3490 | Temple   | Entered the Ecumenical Temple
  3652 | D:4      | Found a bloodstained altar of Trog.
  3677 | D:4      | Found a snail-covered altar of Cheibriados.
  3769 | D:4      | Reached XP level 6. HP: 49/67 MP: 6/6
  3927 | D:4      | Found a runed translucent door.
  3928 | D:4      | Noticed Crazy Yiuf
  4258 | D:5      | Entered Level 5 of the Dungeon
  4282 | D:5      | Noticed a sky beast
  4297 | D:5      | Killed a sky beast
  4298 | D:5      | Reached skill level 6 in Fighting
  4298 | D:5      | Reached skill level 5 in Maces & Flails
  4333 | D:5      | Noticed anonymous's ghost (novice DEIE)
  4335 | D:5      | Found a transporter.
  4372 | D:5      | Identified the +2 dagger of the Boiling Point {freeze, rF+
                  | rCorr Str+6}
  4419 | D:5      | Noticed a black bear
  4433 | D:5      | Killed a black bear
  4434 | D:5      | Reached XP level 7. HP: 64/76 MP: 7/7
  4514 | D:5      | Found a radiant altar of Vehumet.
  4603 | D:5      | Found an ornate altar of the Wu Jian Council.
  4693 | D:5      | Reached skill level 7 in Fighting
  4762 | D:5      | Found Ifonuzir's Lightly-Used Armoury.
  4860 | D:5      | Found a hide-covered altar of Uskayaw.
  5312 | D:6      | Reached XP level 8. HP: 75/87 MP: 8/8
  5350 | D:6      | Found a sparkling altar of Nemelex Xobeh.
  5355 | D:6      | Noticed a vampire
  5364 | D:6      | Killed a vampire
  5365 | D:6      | Reached skill level 8 in Fighting
  5592 | D:6      | Found Wimayst's Jewellery Emporium.
  5780 | D:6      | Slain by an iguana

Illustrated notes

Levels and vault maps discovered:
D:1:      dpeg_arrival_stonehenge_8_columns, layout_basic, minmay_nonomino_d4
D:2:      layout_loops_corners, serial_shops, nicolae_shop_stone,
          shapermc_ecumenical_altar_petra, basic_altar
D:3:      layout_loops_cross, minmay_unequal
D:4:      layout_loops_cross, trog_three_pillars_becter, cheibriados_altar_1,
          minmay_temple_entry_purple_smoke, uniq_crazy_yiuf_cottage
D:5:      layout_loops_ring, nicolae_uskayaw_suspiria,
          mainiacjoe_overflow_large_starburst, gammafunk_ghost_smash,
          minmay_shop_damaged
D:6:      layout_cave_pods, overflow_temple_1_default, serial_co_window_serial,
          co_window_corner_a, co_window_corner_a, co_window_corner_a,
          co_window_paths_a, co_window_paths_b, co_window_corner_b,
          co_window_broadway_a, co_window_broadway_b, glass_columns_b,
          glass_columns_a, glass_columns_a, glass_columns_c,
          minmay_shop_enchanted_jewellery
Temple:   nicolae_temple_hex_pool

Skill      XL: |  1  2  3  4  5  6  7  8 |
---------------+-------------------------+-----
Maces & Flails | 2 3 4 5 6 7 |  7.4
Fighting       | 5 6 7 8 |  8.3
Dodging        | |  2.7
Shields        | |  2.7

Action                   |  1- 3 |  4- 6 |  7- 9 || total
-------------------------+-------+-------+-------++-------
Melee: Flail             |   165 |   105 |    73 ||   343
       Punch             |     1 |     3 |     1 ||     5
       Giant spiked club |       |       |    17 ||    17
Evoke: Wand              |       |    10 |     3 ||    13
 Stab: Paralysed         |       |     8 |     8 ||    16
Armor: Robe              |    57 |    48 |    16 ||   121
Dodge: Dodged            |    94 |    63 |    43 ||   200
Block: Other             |    44 |       |       ||    44
       Reflection        |     1 |       |       ||     1

Table legend: (Time is in decaauts)
 A = Elapsed time spent in this place.
 B = Non-inter-level travel time spent in this place.
 C = Inter-level travel time spent in this place.
 D = Time resting spent in this place.
 E = Time spent auto-exploring this place.
 F = Levels seen in this place.
 G = Mean time per level.
                   A        B        C        D        E       F      G
               +--------+--------+--------+--------+--------+-----+--------+
         Total |   5858 |   5642 |    216 |      7 |   4664 |   7 |  836.9 |
       Dungeon |   5766 |   5569 |    197 |      7 |   4603 |   6 |  961.0 |
        Temple |     91 |     72 |     19 |      0 |     61 |   1 |   91.0 |
               +--------+--------+--------+--------+--------+-----+--------+

Top non-repeatable levels by time:
     D:1: 1665 daAuts
     D:2: 1084 daAuts
     D:5: 973 daAuts
     D:3: 789 daAuts
     D:4: 689 daAuts
     D:6: 565 daAuts
  Temple: 91 daAuts
